 Dungeon Crawl Stone Soup version 0.27-a0-1187-ge80a49f48c (webtiles) character file.

Game seed: 13209250384861835120

1981185 Froggeryz the Heavyweight Champion (level 27, 302/302 HPs)
             Began as a Troll Berserker on May 20, 2021.
             Was the Champion of Trog.
             Escaped with the Orb
             ... and 3 runes!
             The game lasted 01:20:30 (52434 turns).

Froggeryz the Heavyweight Champion (TrBe)          Turns: 52434, Time: 01:20:31

Health: 302/302    AC: 41    Str: 34    XL:     27
Magic:  22/22      EV:  7    Int:  8    God:    Trog [******]
Gold:   6312       SH: 35    Dex: 10    Spells: 26/26 levels left

rFire    + + .     SeeInvis +     - Unarmed
rCold    + + .     Faith    .   U - +8 tower shield of the Six Olives {Regen+ rCorr Slay+5 Stlth+}
rNeg     . . .     Spirit   .   N - +11 gold dragon scales
rPois    +         Reflect  +   b - +2 hood of the Assassin {Detection Stab+ Stlth++}
rElec    .         Harm     .   O - scarf {rC+ rF+}
rCorr    +         Rampage  .   (gloves unavailable)
Will     ++...                  (boots unavailable)
Stlth    ..........             H - amulet of Lust {Reflect rPois Dex-2 Slay+6 SH+5 SInv}
HPRegen  2.60/turn              t - +4 ring of slaying
MPRegen  0.18/turn              A - +4 ring of protection

@: studying Dodging
A: large, unfitting armour, claws 3, regeneration 1, shaggy fur 1, tough skin 1,
horns 1
0: Orb of Zot
}: 3/15 runes: serpentine, barnacled, silver
a: Renounce Religion, Berserk, Trog's Hand, Brothers in Arms


You escaped.
You worshipped Trog.
Trog was exalted by your worship.
You visited 8 branches of the dungeon, and saw 46 of its levels.
You visited the Abyss 1 time.
You also visited: Ossuary, Bailey and Gauntlet.

You collected 9013 gold pieces.
You spent 2701 gold pieces at shops.

Inventory:

Missiles
 n - 5 curare-tipped darts
 y - 31 javelins (quivered)
 R - 36 silver javelins
Armour
 b - the +2 hood of the Assassin (worn) {Detection Stab+ Stlth++}
   (You found it on level 4 of the Depths)

   It makes you much more stealthy.
 F - a +1 cloak of preservation
 M - a +5 tower shield of resistance
 N - +11 gold dragon scales (worn)
 O - a scarf of resistance (worn)
 U - the +8 tower shield of the Six Olives (worn) {Regen+ rCorr Slay+5 Stlth+}
   (You found it on level 4 of the Shoals)

   It affects your accuracy and damage with ranged weapons and melee attacks
   (+5).
   It increases your rate of health regeneration.
   It protects you from acid and corrosion.
   It makes you more stealthy.
Jewellery
 t - a +4 ring of slaying (left claw)
 A - a +4 ring of protection (right claw)
 H - the amulet of Lust (around neck) {Reflect rPois Dex-2 Slay+6 SH+5 SInv}
   (You bought it in a shop on level 2 of the Orcish Mines)

   [amulet of reflection]

   It reflects blocked missile attacks.
   It affects your dexterity (-2).
   It affects your accuracy and damage with ranged weapons and melee attacks
   (+6).
   It protects you from poison.
   It lets you see invisible.
   It affects your SH (+5).
Wands
 a - a wand of paralysis (28)
 i - a wand of flame (198)
 x - a wand of charming (12)
 G - a wand of iceblast (87)
 I - a wand of mindburst (29)
 S - a wand of acid (28)
Scrolls
 c - a scroll of holy word
 d - 8 scrolls of magic mapping
 g - 22 scrolls of teleportation
 j - 2 scrolls of summoning
 l - 10 scrolls of blinking
 s - 16 scrolls of fear
 u - 16 scrolls of identify
 v - 3 scrolls of torment
 z - 5 scrolls of immolation
 D - 2 scrolls of silence
 P - 5 scrolls of fog
Potions
 f - 12 potions of lignification
 h - 6 potions of heal wounds
 k - a potion of mutation
 m - 31 potions of curing
 o - 13 potions of invisibility
 p - 6 potions of ambrosia
 q - 3 potions of resistance
 r - 9 potions of attraction
 B - 5 potions of flight
 C - 8 potions of haste
 E - 7 potions of might
 J - 5 potions of cancellation
 K - 2 potions of berserk rage
 L - 4 potions of magic
Miscellaneous
 W - a condenser vane


   Skills:
 + Level 22.4 Fighting
 * Level 11.7 Throwing
 + Level 18.9 Armour
 - Level 6.1 Dodging
 - Level 15.0 Shields
 O Level 27 Unarmed Combat
 - Level 5.0 Evocations


You had 26 spell levels left.
You didn't know any spells.
Your spell library contained the following spells:

 Spells                   Type           Power      Damage    Failure   Level
 Ensorcelled Hibernation  Hex/Ice        0%         N/A       99%         2
 Inner Flame              Hex/Fire       0%         N/A       100%        3
 Leda's Liquefaction      Hex/Erth       0%         N/A       100%        4
 Silence                  Hex/Air        0%         N/A       100%        5
 Freezing Cloud           Conj/Ice/Air   0%         6-21      100%        6


Dungeon Overview and Level Annotations

Branches:
Dungeon (15/15)            Temple (0/1) D:7            Lair (6/6) D:9
 Shoals (4/4) Lair:3        Snake (4/4) Lair:2        Slime (0/5) Lair:5
    Orc (2/2) D:10            Elf (0/3) Orc:2        Vaults (5/5) D:14
  Crypt (0/3) Vaults:3     Depths (5/5) D:15            Zot (5/5) Depths:5
Ossuary (visited)          Bailey (visited)         Gauntlet (visited)

Altars:
Ashenzari
Cheibriados
Dithmenos
Fedhas
Gozag
Hepliaklqana
Kikubaaqudgha
Okawaru
Trog
Uskayaw
Vehumet
Beogh
Jiyva

Shops:
D:7 :   D:9 *   D:11 *   D:12 (   Orc:2 ?[!=:   Shoals:3 !   Snake:2 [
Snake:4 [   Vaults:3 !

Portals:
Hell: Depths:1 Depths:2 Depths:3 Depths:4 Depths:5
Abyss: Depths:1 Depths:3 Depths:4
Pandemonium: Depths:1 Depths:3 Depths:5
Ziggurat: Depths:4
Trove: D:14 (give 2 scrolls of acquirement)

Annotations:
Lair:2 1 runed translucent door
Snake:1 3 runed translucent doors, Jusi's ghost, journeyman DrFE


Innate Abilities, Weirdness & Mutations

You are too large for most types of armour.
You have claws for hands.
Your natural rate of healing is unusually fast.
You are covered in fur. (AC +1)
You have tough skin. (AC +1)
You have a pair of small horns on your head.


Message History

As you read the scroll of blinking, it crumbles to dust.
You climb upwards.
There is a stone staircase leading down here.
There is a stone staircase leading up here.
You climb upwards.
There is a stone staircase leading down here.
There is a stone staircase leading up here.
You climb upwards.
There is a stone staircase leading down here.
A large abomination comes into view.
You can't go up here!
You block the large abomination's attack.
You mangle the large abomination!!
The large abomination is heavily damaged.
You eviscerate the large abomination!!!
You destroy the large abomination!
Trog accepts your kill.
No target in view!
No target in view!
An Executioner comes into view.
The Executioner gives a hideous shriek!
You can't go up here!
The Executioner gestures.
The Executioner seems to speed up.
You block the Executioner's attack. x2; The Executioner hits you.
You eviscerate the Executioner!!!
You kill the Executioner!
Trog accepts your kill.
No target in view!
No target in view!
HP restored.
There is a stone staircase leading up here.
You climb upwards.
There is a stone staircase leading down here.
There is a shaft here.
There is a stone staircase leading up here.
You climb upwards.
There is a stone staircase leading down here.
There is a staircase leading out of the dungeon here.
You have escaped!

#.....# #.# ####### ###
######### ####### #.......#
#######≈≈>≈§#### #)#####.#
#....##≈≈≈≈≈##.# #.# #.#
#.#####≈≈≈≈≈##.###.### #.# #.#
#...≈≈≈..........# #.# ### #.#
#.8.....8..###.#.# #.#
##.#####.###....@.....# #.#.#
#.# #........##.....8.....#
#.#.###.#
##.#####..............#
#.......# #.# ######.......###
###.##### #.# ##..8..## ##.#.##
#.# ##....## ##.###.## #.####
##.....## #.## ##.# #.##.##
##.......## ##.###.##
#.#...####.........####...#.####


There were no monsters in sight!

Vanquished Creatures
  4 dread liches (Zot:5)
  7 ancient liches
  4 orbs of fire
  Margery (Depths:4)
  4 Killer Klowns (Zot:5)
  Vashnia (Snake:2)
  Saint Roka (Vaults:2)
  5 caustic shrikes (Depths:3)
  5 curse toes
  9 golden dragons
  4 electric golems
  18 tentacled monstrosities
  2 Tzitzimimeh
  Rupert (D:13)
  4 liches
  Asterion (Snake:2)
  25 Orb Guardians (Zot:5)
  4 titans
  8 quicksilver dragons
  2 krakens
  12 death cobs
  A tentacled starspawn (Abyss:3)
  2 Executioners
  11 tengu reavers
  A fenstrider witch (shapeshifter) (Vaults:5)
  6 shadow dragons
  4 sphinxes
  17 storm dragons
  A daeva (D:14)
  Ilsuiw (Shoals:4)
  Donald (Vaults:4)
  6 nagarajas
  8 draconian monks
  13 vault wardens
  3 orc warlords
  11 frost giants
  7 fire giants
  13 draconian knights
  2 draconian scorchers
  The ghost of miami27 the Spry, an adept SpEn of Dithmenos (Snake:2)
  A deep elf sorcerer (Vaults:5)
  A ghost moth (Zot:4)
  3 iron dragons
  Aizul (Snake:2)
  A balrug (Depths:1)
  12 draconian shifters
  The ghost of Hamiown the Severer, a journeyman DDFi of Makhleb (Shoals:3)
  15 stone giants
  7 draconian annihilators
  A reaper (Gauntlet)
  4 draconian stormcallers
  4 war gargoyles
  A quicksilver ooze (shapeshifter) (Depths:3)
  2 spriggan defenders (Depths:4)
  12 very ugly things
  5 vampire knights
  13 ironbound preservers
  20 green draconians
  3 entropy weavers
  Nessos (D:15)
  A starcursed mass (Abyss:3)
  6 dire elephants
  15 black draconians
  Azrael (D:14)
  9 white draconians
  12 yellow draconians
  8 spark wasps
  An entropy weaver (shapeshifter) (Vaults:5)
  2 pale draconians (Depths:5)
  3 deep elf annihilators
  12 red draconians
  A minotaur (Gauntlet)
  9 purple draconians
  A deep elf death mage (Vaults:5)
  4 merfolk javelineers
  2 blizzard demons
  13 merfolk impalers
  15 fire dragons
  18 ettins
  8 great orbs of eyes
  8 yaktaur captains
  2 deep elf high priests
  Josephine (D:15)
  6 ironbound thunderhulks
  7 rakshasas
  30 vault guards
  13 naga warriors
  Harold (Lair:1)
  3 salamander tyrants (Snake:4)
  10 ice dragons
  A monstrous demonspawn (Depths:5)
  9 boulder beetles
  A peacekeeper (Vaults:1)
  3 spriggan air magi
  7 ironbound frosthearts
  4 catoblepae
  4 merfolk avatars
  7 hydras
  5 ogre magi
  8 centaur warriors
  7 merfolk aquamancers
  19 two-headed ogres
  7 anacondas
  4 satyrs
  4 deep troll shamans
  A death knight (D:15)
  2 orc high priests
  9 deep troll earth magi
  5 vampire magi
  4 tengu warriors
  25 death yaks
  13 naga sharpshooters
  8 shock serpents
  2 spriggans (Depths:4)
  2 spriggan berserkers
  7 hell knights
  7 ironbound beastmasters
  Sonja (D:10)
  2 wretched stars (Abyss:3)
  Urug (D:13)
  8 shadow wraiths
  15 iron trolls
  2 salamander mystics
  2 soul eaters
  14 sea snakes
  2 sixfirhies
  5 skeletal warriors (D:15)
  57 deep trolls
  A swamp dragon (shapeshifter) (Depths:3)
  3 shadow demons (Depths:4)
  6 lindwurms
  A sea snake (shapeshifter) (Vaults:5)
  11 wizards
  2 glowing orange brains
  3 naga ritualists
  18 orc knights
  A flayed ghost (Vaults:5)
  A gelid demonspawn (Depths:1)
  3 swamp dragons (Depths:5)
  2 deep elf pyromancers (D:15)
  4 phantasmal warriors
  18 harpies
  13 ironbound convokers
  4 large abominations
  12 necromancers
  An orc sorcerer (Orc:1)
  A faun (shapeshifter) (Vaults:5)
  8 mana vipers
  A stone giant zombie (Depths:2)
  55 ugly things
  10 manticores
  11 salamanders
  11 fauns
  23 moths of wrath
  30 slime creatures
  6 cyclopes
  Joseph (D:8)
  An elephant (shapeshifter) (Depths:2)
  4 elephants (Lair:6)
  4 guardian serpents
  10 merfolk sirens
  A guardian serpent (shapeshifter) (Vaults:4)
  17 naga magi
  33 black mambas
  A smoke demon (Depths:5)
  6 water nymphs
  An apocalypse crab (Gauntlet)
  18 vault sentinels
  11 cane toads
  A torpor snail (Lair:6)
  An unseen horror (shapeshifter) (Vaults:5)
  A titan simulacrum (Vaults:4)
  27 yaktaurs
  A rime drake (shapeshifter) (D:13)
  4 rime drakes
  A kobold demonologist (D:12)
  3 unseen horrors
  A komodo dragon (shapeshifter) (Depths:4)
  An efreet (D:12)
  11 komodo dragons
  3 freezing wraiths
  4 tengu conjurers
  2 ancient zymes (Abyss:3)
  4 tormentors
  2 hellwings
  39 merfolk
  Prince Ribbit (D:5)
  A tengu simulacrum (Vaults:2)
  2 polar bears
  5 jumping spiders
  10 wind drakes
  3 hornets
  A shadow dragon simulacrum (Vaults:4)
  14 trolls
  21 blink frogs
  A sphinx simulacrum (Depths:2)
  A dream sheep (shapeshifter) (Depths:2)
  9 dream sheep
  A slime creature (shapeshifter) (Vaults:5)
  14 snapping turtles
  8 flying skulls (Abyss:3)
  2 vampires
  An elf skeleton (Depths:2)
  11 redbacks
  4 wyverns
  A tarantella (Vaults:5)
  6 wraiths
  65 yaks
  3 shadows
  A ynoxinul (Abyss:3)
  4 fire elementals (D:14)
  13 water elementals
  5 basilisks
  3 steam dragons (Depths:5)
  17 humans (D:14)
  A chaos spawn (Depths:5)
  3 neqoxecs
  74 nagas
  2 acid dragons
  A water moccasin (shapeshifter) (Vaults:5)
  6 wargs
  4 hell hounds (D:14)
  7 water moccasins
  3 floating eyes
  39 orc warriors
  2 hornet zombies (D:7)
  An ice beast (D:8)
  A sky beast (D:7)
  4 black bears
  2 necrophages (D:6)
  15 wolves
  35 ogres
  8 centaurs
  A phantom (D:5)
  A kobold brigand (D:9)
  12 bullfrogs
  2 elf zombies
  4 gnoll sergeants
  29 gnolls
  3 scorpions
  A water moccasin skeleton (D:5)
  9 killer bees
  10 wights
  5 spriggan skeletons (D:13)
  2 electric eels (Lair:6)
  A troll skeleton (D:13)
  5 howler monkeys
  6 centaur zombies
  A bullfrog zombie (D:7)
  3 small abominations (Abyss:3)
  6 human zombies
  3 hounds
  3 jellies
  A centaur skeleton (D:5)
  17 orc priests
  3 bullfrog skeletons (D:5)
  2 gnoll shamans
  An iron imp (Abyss:3)
  Ijyb (D:5)
  4 iguanas
  21 orc wizards
  11 hell rats
  A hound zombie (Ossuary)
  2 hound skeletons
  3 mummies (Ossuary)
  A howler monkey skeleton (D:5)
  7 adders
  3 shadow imps
  2 adder zombies (Ossuary)
  A worm (D:2)
  A dart slug (D:4)
  85 orcs
  4 bats
  9 endoplasms
  4 giant cockroaches
  A gnoll zombie (Ossuary)
  5 goblins
  3 hobgoblins
  6 jackals
  7 kobolds
  3 quokkas
  3 ball pythons
  2 frilled lizards
  6 goblin zombies (Ossuary)
  A hobgoblin zombie (Ossuary)
  2 jackal zombies (Ossuary)
  6 kobold zombies (Ossuary)
  3 orc zombies (Ossuary)
  5 quokka zombies (Ossuary)
  2 rats
  2 rat zombies (Ossuary)
  A spectral orc (D:6)
  2 starspawn tentacles (Abyss:3)
  2 tentacles
2108 creatures vanquished.

Vanquished Creatures (collateral kills)
  A hydra (Lair:5)
  A water moccasin (Lair:6)
2 creatures vanquished.

Vanquished Creatures (others)
  A yellow draconian (Zot:4)
  A harpy (Shoals:3)
  A moth of wrath (Zot:1)
  A cane toad (Lair:6)
  A gnoll sergeant (D:8)
  A gnoll (D:8)
  3 demonic plants (Gauntlet)
  45 fungi
  A lurking horror (Abyss:3)
  96 plants
  2 starspawn tentacles (Abyss:3)
  9 tentacles
  8 toadstools (Lair:2)
170 creatures vanquished.

Grand Total: 2280 creatures vanquished

Notes
Turn   | Place    | Note
-------+----------+-------------------------------------------
     0 | D:1      | Froggeryz the Troll Berserker began the quest for the Orb.
     0 | D:1      | Reached XP level 1. HP: 22/22 MP: 0/0
   136 | D:1      | Found a faded altar of an unknown god.
   333 | D:1      | Reached XP level 2. HP: 29/29 MP: 1/1
   560 | D:1      | Reached skill level 4 in Unarmed Combat
   892 | D:2      | Reached XP level 3. HP: 36/36 MP: 2/2
  1025 | D:2      | Reached ** piety under Trog
  1660 | D:3      | Reached XP level 4. HP: 44/44 MP: 3/3
  1994 | D:3      | Reached skill level 5 in Unarmed Combat
  2449 | D:4      | Found a bloodstained altar of Trog.
  2578 | D:4      | Reached XP level 5. HP: 50/50 MP: 4/4
  2709 | D:4      | Reached skill level 6 in Unarmed Combat
  3185 | D:5      | Entered Level 5 of the Dungeon
  3366 | D:5      | Reached skill level 1 in Shields
  3373 | D:5      | Found a blossoming altar of Fedhas.
  3480 | D:5      | Noticed Ijyb
  3487 | D:5      | Killed Ijyb
  3635 | D:5      | Reached XP level 6. HP: 55/59 MP: 5/5
  3895 | D:5      | Reached skill level 7 in Unarmed Combat
  3904 | D:5      | Reached XP level 7. HP: 65/66 MP: 6/6
  4227 | D:5      | Noticed Prince Ribbit
  4239 | D:5      | Killed Prince Ribbit
  4240 | D:5      | Reached skill level 8 in Unarmed Combat
  4240 | D:5      | Reached XP level 8. HP: 58/74 MP: 7/7
  4624 | D:6      | Reached *** piety under Trog
  4720 | D:6      | Reached skill level 5 in Shields
  4874 | D:6      | Found a hazy altar of Hepliaklqana.
  4913 | D:6      | Reached skill level 9 in Unarmed Combat
  5498 | D:7      | Found Sebiw's Book Boutique.
  5515 | D:7      | Reached XP level 9. HP: 46/80 MP: 8/8
  5865 | D:7      | Reached skill level 10 in Unarmed Combat
  6066 | D:7      | Found an ancient bone altar of Kikubaaqudgha.
  6142 | D:7      | Found a staircase to the Ecumenical Temple.
  6394 | D:8      | You fall into a shaft and drop 3 floors!
  6410 | D:10     | Entered Level 10 of the Dungeon
  6534 | D:8      | Reached **** piety under Trog
  6622 | D:8      | Reached skill level 11 in Unarmed Combat
  6647 | D:8      | Found a sand-covered staircase.
  6653 | Ossuary  | Entered an ossuary
  6899 | Ossuary  | Reached XP level 10. HP: 89/89 MP: 9/9
  6925 | Ossuary  | Reached ***** piety under Trog
  7012 | D:8      | Noticed a two-headed ogre
  7018 | D:8      | Killed a two-headed ogre
  7306 | D:8      | Noticed Joseph
  7336 | D:8      | Killed Joseph
  7760 | D:9      | Reached skill level 5 in Fighting
  8014 | D:9      | Found a staircase to the Lair.
  8472 | D:9      | Found Poaxuel's Assorted Antiques.
  8475 | D:9      | Bought a scroll labelled WEUHA GAYPSUG for 34 gold pieces
  8475 | D:9      | Bought a scroll labelled CAS CIYRYEGHOMI for 34 gold pieces
  8475 | D:9      | Identified 4 scrolls of acquirement
  8475 | D:9      | Acquired a +2 tower shield of resistance
  8477 | D:9      | Acquired a manual of Fighting
  8480 | D:9      | Acquired +2 gold dragon scales
  8580 | D:9      | Found a snail-covered altar of Cheibriados.
  8651 | Lair:1   | Entered Level 1 of the Lair of Beasts
  8706 | Lair:1   | Noticed Harold
  8715 | Lair:1   | Killed Harold
  8716 | Lair:1   | Reached skill level 1 in Armour
  8716 | Lair:1   | Reached XP level 11. HP: 105/105 MP: 10/10
  9406 | Lair:1   | Acquired 660 gold pieces
  9645 | Lair:2   | Reached skill level 10 in Shields
  9685 | Lair:2   | Reached skill level 5 in Armour
  9900 | Lair:2   | Found a staircase to the Snake Pit.
  9913 | Lair:2   | Noticed a lindwurm
  9915 | Lair:2   | Noticed a death yak
  9932 | Lair:2   | Killed a lindwurm
  9936 | Lair:2   | Killed a death yak
 10085 | Lair:2   | Noticed a five-headed hydra
 10102 | Lair:2   | Killed a five-headed hydra
 10314 | Lair:2   | Received a gift from Trog
 10315 | Lair:2   | Reached XP level 12. HP: 92/118 MP: 11/11
 10377 | Lair:2   | Found a runed translucent door.
 10752 | Lair:3   | Found a staircase to the Shoals.
 10994 | Lair:3   | Noticed a death yak
 10994 | Lair:3   | Noticed a death yak
 10995 | Lair:3   | Noticed a death yak
 11003 | Lair:3   | Killed a death yak
 11004 | Lair:3   | Noticed a death yak
 11004 | Lair:3   | Noticed a death yak
 11006 | Lair:3   | Noticed a death yak
 11008 | Lair:3   | Killed a death yak
 11014 | Lair:3   | Killed a death yak
 11019 | Lair:3   | Killed a death yak
 11024 | Lair:3   | Killed a death yak
 11032 | Lair:3   | Killed a death yak
 11033 | Lair:3   | Reached skill level 12 in Unarmed Combat
 11254 | Lair:3   | Noticed a death yak
 11254 | Lair:3   | Noticed a death yak
 11254 | Lair:3   | Noticed a death yak
 11255 | Lair:3   | Noticed a death yak
 11256 | Lair:3   | Noticed a death yak
 11264 | Lair:3   | Killed a death yak
 11269 | Lair:3   | Killed a death yak
 11276 | Lair:3   | Killed a death yak
 11281 | Lair:3   | Killed a death yak
 11288 | Lair:3   | Killed a death yak
 11391 | Lair:3   | Noticed a catoblepas
 11398 | Lair:3   | Killed a catoblepas
 12115 | Lair:4   | Reached XP level 13. HP: 132/132 MP: 12/12
 12554 | Lair:4   | Reached skill level 10 in Fighting
 13261 | Lair:5   | Received a gift from Trog
 13340 | Lair:5   | Reached skill level 13 in Unarmed Combat
 13530 | Lair:5   | Found a viscous altar of Jiyva.
 13632 | Lair:5   | Found a staircase to the Slime Pits.
 14178 | Lair:6   | Entered Level 6 of the Lair of Beasts
 14882 | Lair:5   | Reached XP level 14. HP: 119/143 MP: 13/13
 15314 | Lair:6   | Reached skill level 14 in Unarmed Combat
 16320 | D:10     | Received a gift from Trog
 16366 | D:10     | Found a staircase to the Orcish Mines.
 16488 | D:10     | Reached skill level 15 in Shields
 16529 | D:10     | Noticed Sonja
 16548 | D:10     | Killed Sonja
 16673 | D:10     | Found a broken altar of Ashenzari.
 16906 | Orc:1    | Entered Level 1 of the Orcish Mines
 16957 | Orc:1    | Found a bloodstained altar of Trog.
 17339 | Orc:2    | Entered Level 2 of the Orcish Mines
 17409 | Orc:1    | Reached ****** piety under Trog
 17583 | Orc:2    | Found Gyug's Book Boutique.
 17703 | Orc:2    | Reached skill level 15 in Unarmed Combat
 17703 | Orc:2    | Received a gift from Trog
 17844 | Orc:2    | Reached XP level 15. HP: 120/149 MP: 14/14
 17877 | Orc:2    | Found a staircase to the Elven Halls.
 17908 | Orc:2    | Found Rooloycs's Distillery.
 17912 | Orc:2    | Found Keahezxu's Jewellery Boutique.
 18011 | Orc:2    | Found Seturhyst's Magic Scroll Shop.
 18042 | Orc:2    | Found Xiotsom's Antique Armour Emporium.
 18049 | Orc:2    | Bought a potion of curing for 45 gold pieces
 18049 | Orc:2    | Bought a potion of curing for 45 gold pieces
 18139 | Orc:2    | Paralysed by an ogre mage for 6 turns
 18169 | Orc:2    | Bought the amulet of Lust {Reflect rPois Dex-2 Slay+6 SH+5
                  | SInv} for 796 gold pieces
 18197 | Orc:2    | Bought a scroll of fear for 49 gold pieces
 18197 | Orc:2    | Bought 2 scrolls of enchant armour for 210 gold pieces
 18197 | Orc:2    | Bought 3 scrolls of blinking for 315 gold pieces
 18197 | Orc:2    | Bought a scroll of fog for 28 gold pieces
 18197 | Orc:2    | Bought a scroll of blinking for 105 gold pieces
 18779 | D:11     | Found Pyd Fol's General Store.
 18804 | D:11     | Bought a potion of haste for 150 gold pieces
 18804 | D:11     | Bought a scroll of identify for 30 gold pieces
 18804 | D:11     | Bought a scroll of identify for 30 gold pieces
 18804 | D:11     | Bought a scroll of identify for 30 gold pieces
 19125 | D:12     | Identified the +7 shortbow of Autumn {venom, rC+ Str-5
                  | Int+4}
 19260 | D:12     | Received a gift from Trog
 19641 | D:12     | Found Waowumni's Antique Weapon Emporium.
 19817 | D:13     | Found a gate leading to a gauntlet.
 19822 | Gauntlet | Entered a Gauntlet
 19822 | Gauntlet | Found a transporter.
 19822 | Gauntlet | Found a transporter.
 19823 | Gauntlet | Found a transporter.
 19826 | Gauntlet | Found a transporter.
 19826 | Gauntlet | Found a transporter.
 19826 | Gauntlet | Found a transporter.
 19828 | Gauntlet | Found a large runed translucent door.
 19829 | Gauntlet | Found a large runed translucent door.
 19830 | Gauntlet | Found a large runed translucent door.
 19830 | Gauntlet | Found a large runed translucent door.
 19830 | Gauntlet | Found a runed translucent door.
 19831 | Gauntlet | Found a large runed translucent door.
 19831 | Gauntlet | Found a runed translucent door.
 19832 | Gauntlet | Found a large runed translucent door.
 19832 | Gauntlet | Found a large runed translucent door.
 19832 | Gauntlet | Found a large runed translucent door.
 19832 | Gauntlet | Found a large runed translucent door.
 19832 | Gauntlet | Found a large runed translucent door.
 19833 | Gauntlet | Found a large runed translucent door.
 19833 | Gauntlet | Found a large runed translucent door.
 19834 | Gauntlet | Found a runed translucent gate.
 19834 | Gauntlet | Found a runed translucent gate.
 19836 | Gauntlet | Found a transporter.
 19837 | Gauntlet | Found a transporter.
 19840 | Gauntlet | Found a transporter.
 19850 | Gauntlet | Found a transporter.
 19901 | Gauntlet | Found a transporter.
 19918 | Gauntlet | Found a transporter.
 19924 | Gauntlet | Found a runed translucent gate.
 19925 | Gauntlet | Found a large runed translucent door.
 19925 | Gauntlet | Found a large runed translucent door.
 19928 | Gauntlet | Found a large runed translucent door.
 19928 | Gauntlet | Found a large runed translucent door.
 20172 | Gauntlet | Identified Summon's Tome of Captivating Feathers
 20252 | D:13     | Noticed Rupert
 20264 | D:13     | Killed Rupert
 20265 | D:13     | Reached skill level 16 in Unarmed Combat
 20467 | D:13     | You fall into a shaft and drop 2 floors!
 20467 | D:15     | Entered Level 15 of the Dungeon
 20498 | D:15     | Noticed Nessos
 20503 | D:15     | Killed Nessos
 20866 | D:15     | Found a staircase to the Depths.
 21036 | D:15     | Noticed Josephine
 21044 | D:15     | Killed Josephine
 21049 | D:15     | Received a gift from Trog
 21186 | D:15     | Found an iron altar of Okawaru.
 21584 | D:15     | Reached XP level 16. HP: 146/158 MP: 15/15
 21771 | D:14     | Found a flagged portal.
 21783 | D:14     | Reached skill level 10 in Armour
 21853 | Bailey   | Entered a bailey
 21888 | Bailey   | Reached skill level 17 in Unarmed Combat
 21945 | Bailey   | Found the +8 trident of the Octopus King {venom, rElec
                  | rPois Will+}
 21953 | Bailey   | Identified the +1 leather armour of the Chupacabra {Will+
                  | rCorr Str+3}
 22045 | D:14     | Found a blossoming altar of Fedhas.
 22246 | D:14     | Found a gate to the Vaults.
 22385 | D:14     | Found a portal to a secret trove of treasure.
 22670 | D:14     | Noticed Azrael
 22684 | D:14     | Killed Azrael
 22686 | D:14     | Received a gift from Trog
 22912 | D:13     | Noticed Urug
 22920 | D:13     | Killed Urug
 23703 | Snake:1  | Entered Level 1 of the Snake Pit
 23918 | Snake:1  | Found a runed translucent gate.
 23918 | Snake:1  | Found a runed translucent gate.
 23918 | Snake:1  | Noticed Jusi's ghost (journeyman DrFE)
 23919 | Snake:1  | Found a runed translucent gate.
 24203 | Snake:1  | Found a radiant altar of Vehumet.
 24509 | Snake:1  | Reached skill level 18 in Unarmed Combat
 24870 | Snake:1  | Found the +3 sling "Punk" {acid, rCorr}
 25236 | Snake:2  | Found Ibbeen's Antique Armour Shoppe.
 25375 | Snake:2  | Noticed Asterion
 25407 | Snake:2  | Killed Asterion
 25408 | Snake:2  | Found a runed translucent gate.
 25408 | Snake:2  | Found a runed translucent gate.
 25469 | Snake:2  | Found a runed translucent gate.
 25492 | Snake:2  | Noticed miami27's ghost (adept SpEn)
 25507 | Snake:2  | Noticed Aizul
 25521 | Snake:2  | Killed Aizul
 25521 | Snake:2  | Received a gift from Trog
 25545 | Snake:2  | Reached XP level 17. HP: 149/175 MP: 16/16
 25626 | Snake:2  | Noticed Vashnia
 25673 | Snake:2  | Killed Vashnia
 26122 | Snake:2  | Killed miami27's ghost
 26314 | Snake:3  | Identified the +2 leather armour of Mumblety Peg {rPois}
 26550 | Snake:3  | Received a gift from Trog
 26725 | Snake:4  | Entered Level 4 of the Snake Pit
 26880 | Snake:4  | Reached skill level 19 in Unarmed Combat
 27281 | Snake:4  | Found Baninu's Antique Armour Shop.
 27527 | Snake:4  | Received a gift from Trog
 27795 | Snake:4  | Reached XP level 18. HP: 141/191 MP: 17/17
 27945 | Snake:4  | Got a serpentine rune of Zot
 28126 | Shoals:1 | Entered Level 1 of the Shoals
 28734 | Shoals:1 | Received a gift from Trog
 29090 | Shoals:2 | Reached skill level 20 in Unarmed Combat
 29603 | Shoals:3 | Reached skill level 15 in Fighting
 29682 | Shoals:3 | Found a runed translucent gate.
 29682 | Shoals:3 | Found a runed translucent gate.
 29683 | Shoals:3 | Found a runed translucent gate.
 29684 | Shoals:3 | Noticed Hamiown's ghost (journeyman DDFi)
 29702 | Shoals:3 | Received a gift from Trog
 29736 | Shoals:3 | Killed Hamiown's ghost
 29778 | Shoals:3 | Identified the +0 pair of gloves "Tafuekou" {Dex+6}
 30258 | Shoals:3 | Found Rynumualu's Distillery.
 30266 | Shoals:3 | Bought 2 potions of curing for 120 gold pieces
 30266 | Shoals:3 | Bought a potion of curing for 60 gold pieces
 30266 | Shoals:3 | Bought a potion of curing for 60 gold pieces
 30266 | Shoals:3 | Bought a potion of curing for 60 gold pieces
 30266 | Shoals:3 | Bought a potion of curing for 60 gold pieces
 30266 | Shoals:3 | Bought a potion of heal wounds for 100 gold pieces
 30478 | Shoals:4 | Entered Level 4 of the Shoals
 30603 | Shoals:4 | Noticed Ilsuiw
 30649 | Shoals:4 | Killed Ilsuiw
 30962 | Shoals:4 | Reached XP level 19. HP: 48/204 MP: 18/18
 31346 | Shoals:4 | Reached skill level 21 in Unarmed Combat
 31517 | Shoals:4 | Received a gift from Trog
 31567 | Shoals:4 | Got a barnacled rune of Zot
 31623 | Shoals:4 | Identified the +8 tower shield of the Six Olives {Regen+
                  | rCorr Slay+5 Stlth+}
 31933 | Vaults:1 | Entered Level 1 of the Vaults
 32815 | Vaults:1 | Received a gift from Trog
 32820 | Vaults:1 | Reached skill level 1 in Evocations
 33615 | Vaults:2 | Received a gift from Trog
 33616 | Vaults:2 | Reached XP level 20. HP: 159/215 MP: 19/19
 33761 | Vaults:2 | Reached skill level 5 in Dodging
 33788 | Vaults:2 | Noticed Saint Roka
 33820 | Vaults:2 | Killed Saint Roka
 33853 | Vaults:2 | Identified the -3 cloak "Musm" {Dex+2}
 34613 | Vaults:3 | Found a staircase to the Crypt.
 34638 | Vaults:3 | Found Piak's Distillery.
 34646 | Vaults:3 | Bought a potion of might for 68 gold pieces
 34646 | Vaults:3 | Bought a potion of haste for 170 gold pieces
 34646 | Vaults:3 | Bought a potion of curing for 51 gold pieces
 34646 | Vaults:3 | Bought a potion of flight for 51 gold pieces
 34763 | Vaults:3 | Received a gift from Trog
 35220 | Vaults:3 | Reached skill level 22 in Unarmed Combat
 35351 | Vaults:3 | Reached skill level 5 in Evocations
 35778 | Vaults:4 | Received a gift from Trog
 35877 | Vaults:4 | Noticed Donald
 35901 | Vaults:4 | Killed Donald
 36416 | Vaults:4 | Reached XP level 21. HP: 180/227 MP: 20/20
 36780 | Vaults:5 | Entered Level 5 of the Vaults
 36828 | Vaults:4 | Received a gift from Trog
 37706 | Vaults:4 | Received a gift from Trog
 37853 | Vaults:5 | Reached skill level 23 in Unarmed Combat
 37878 | Vaults:5 | Identified the +6 spear "Wagg" {freeze, Dex+4}
 37961 | Vaults:5 | Reached XP level 22. HP: 225/239 MP: 21/21
 37980 | Vaults:5 | Got a silver rune of Zot
 38027 | Vaults:5 | Received a gift from Trog
 38329 | Vaults:5 | Identified the +1 plate armour of the Other World {Contam
                  | rPois Regen+ Int+4}
 38430 | Vaults:5 | Identified the ring of Weex {Fire Str+6}
 38586 | Vaults:5 | Identified the +5 ring mail of the Cartwright {rElec Will+}
 39184 | Depths:1 | Entered Level 1 of the Depths
 39476 | Depths:1 | Found a one-way gate leading to the halls of Pandemonium.
 39485 | Depths:1 | Received a gift from Trog
 39603 | Depths:1 | Found a one-way gate to the infinite horrors of the Abyss.
 39898 | Depths:1 | Found a gateway to Hell.
 40647 | Depths:2 | You fall into a shaft and drop 1 floor!
 40918 | Depths:3 | Noticed a caustic shrike
 40918 | Depths:3 | Noticed a caustic shrike
 40918 | Depths:3 | Noticed a caustic shrike
 40919 | Depths:3 | Noticed a caustic shrike
 40927 | Depths:3 | Killed a caustic shrike
 40930 | Depths:3 | Noticed a caustic shrike
 40930 | Depths:3 | Killed a caustic shrike
 40940 | Depths:3 | Killed a caustic shrike
 40944 | Depths:3 | Killed a caustic shrike
 40944 | Depths:3 | Received a gift from Trog
 40945 | Depths:3 | Reached XP level 23. HP: 238/252 MP: 22/22
 40950 | Depths:3 | Killed a caustic shrike
 40951 | Depths:3 | Reached skill level 24 in Unarmed Combat
 41589 | Depths:3 | Found an opulent altar of Gozag.
 42112 | Depths:3 | Received a gift from Trog
 43521 | Depths:4 | Found a gateway to a ziggurat.
 43554 | Depths:4 | Noticed Margery
 43567 | Depths:4 | Killed Margery
 43666 | Depths:4 | Identified the +9 short sword "Niniv" {flame, *Rage rN+
                  | Will+} (Trog gifted it to you on level 4 of the Depths)
 43666 | Depths:4 | Received a gift from Trog
 43684 | Depths:4 | Paralysed by a floating eye for 4 turns
 43888 | Depths:4 | Reached skill level 15 in Armour
 44102 | Depths:4 | Paralysed by a vampire knight for 2 turns
 44150 | Depths:4 | Found a shadowy altar of Dithmenos.
 44152 | Depths:4 | Found the +2 hood of the Assassin {Detection Stab+ Stlth++}
 44394 | Depths:4 | Reached XP level 24. HP: 257/258 MP: 22/22
 44516 | Depths:5 | Entered Level 5 of the Depths
 44539 | Depths:5 | Found a hide-covered altar of Uskayaw.
 44568 | Depths:5 | Paralysed by a floating eye for 3 turns
 44721 | Depths:5 | Received a gift from Trog
 45437 | Depths:5 | Found a gate to the Realm of Zot.
 45575 | Zot:1    | Entered Level 1 of the Realm of Zot
 45583 | Zot:1    | Reached skill level 25 in Unarmed Combat
 45674 | Zot:1    | Noticed an orb of fire
 45690 | Zot:1    | Killed an orb of fire
 45713 | Zot:1    | Received a gift from Trog
 46819 | Zot:2    | Reached XP level 25. HP: 266/275 MP: 22/22
 47717 | Zot:3    | Received a gift from Trog
 48452 | Zot:3    | Reached skill level 26 in Unarmed Combat
 48639 | Zot:3    | Received a gift from Trog
 49162 | Zot:4    | Acquired a manual of Dodging
 49247 | Zot:4    | Reached XP level 26. HP: 288/288 MP: 22/22
 49282 | Zot:4    | Cast into level 3 of the Abyss (red draconian knight)
 49282 | Abyss:3  | Found a corrupted altar of Lugonu.
 49316 | Abyss:3  | Found a corrupted altar of Lugonu.
 49490 | Abyss:3  | Noticed an ancient lich
 49507 | Abyss:3  | Killed an ancient lich
 49570 | Zot:4    | Escaped the Abyss
 49699 | Zot:4    | Reached skill level 1 in Throwing
 50131 | Zot:4    | Received a gift from Trog
 50404 | Zot:5    | Entered Level 5 of the Realm of Zot
 50663 | Zot:5    | Noticed an orb of fire
 50671 | Zot:5    | Gained mutation: You are agile. (Dex +2) [an orb of fire]
 50673 | Zot:5    | Killed an orb of fire
 50674 | Zot:5    | Reached skill level 5 in Throwing
 51259 | Zot:5    | Noticed a dread lich
 51262 | Zot:5    | Noticed an orb of fire
 51263 | Zot:5    | Noticed an ancient lich
 51268 | Zot:5    | Killed a dread lich
 51270 | Zot:5    | Noticed an ancient lich
 51275 | Zot:5    | Killed an orb of fire
 51277 | Zot:5    | Killed an ancient lich
 51284 | Zot:5    | Killed an ancient lich
 51285 | Zot:5    | Noticed a dread lich
 51285 | Zot:5    | Noticed a dread lich
 51285 | Zot:5    | Noticed an orb of fire
 51293 | Zot:5    | Lost mutation: You are agile. (Dex +2) [an orb of fire]
 51294 | Zot:5    | Noticed a dread lich
 51296 | Zot:5    | Gained mutation: You have a pair of small horns on your
                  | head. [an orb of fire]
 51301 | Zot:5    | Killed an orb of fire
 51305 | Zot:5    | Killed a dread lich
 51311 | Zot:5    | Killed a dread lich
 51312 | Zot:5    | Reached XP level 27. HP: 299/300 MP: 22/22
 51321 | Zot:5    | Killed a dread lich
 51321 | Zot:5    | Noticed an ancient lich
 51322 | Zot:5    | Noticed an ancient lich
 51330 | Zot:5    | Noticed an ancient lich
 51335 | Zot:5    | Killed an ancient lich
 51337 | Zot:5    | Killed an ancient lich
 51338 | Zot:5    | Reached skill level 27 in Unarmed Combat
 51349 | Zot:5    | Killed an ancient lich
 51349 | Zot:5    | Received a gift from Trog
 51378 | Zot:5    | Reached skill level 10 in Throwing
 51447 | Zot:5    | Noticed an ancient lich
 51456 | Zot:5    | Killed an ancient lich
 51737 | Zot:5    | Got the Orb of Zot
 52040 | Depths:1 | Noticed Gagulum the pandemonium lord
 52325 | D:6      | Noticed Itsiwaec the pandemonium lord
 52434 | D:$      | Escaped with the Orb!

Illustrated notes

Levels and vault maps discovered:
D:1:      grunt_arrival_lava_bath, layout_loops_corners,
          ebering_ecumenical_altar_rust
D:2:      layout_loops_ring, bh_walls_and_bars
D:3:      layout_basic
D:4:      layout_loops_ring, marbit_many_paths, minmay_cut_off
D:5:      minmay_clustersquares, layout_layer_cave, lemuel_round_altar,
          uniq_ijyb, uniq_prince_ribbit1
D:6:      layout_basic, nicolae_hepliaklqana_monster_ancestors
D:7:      layout_rooms, kennysheep_mini_moat, temple_hall, serial_shops, shop
D:8:      layout_basic, nicolae_ossuary_entry_plus, uniq_joseph
D:9:      layout_cave_pods, cheibriados_altar_1, david_lair_generic,
          serial_shops, kennysheep_mini, minmay_holes
D:10:     layout_basic, ashenzari_conservatory_becter, hiddenorc1_lemuel,
          minmay_misc_feat_ornament, uniq_sonja
D:11:     layout_loops_ring, serial_shops, nicolae_shop_trees,
          kennysheep_generic_room_5
D:12:     layout_loops_ring, serial_shops, nicolae_shop_statue_plus
D:13:     layout_roguey, gauntlet_entry_generic,
          hangedman_abyss_or_decor_passed, hangedman_tell_no_tales, uniq_urug,
          uniq_rupert
D:14:     lemuel_ogre_cave, layout_cave_pools, grunt_vaults_entry_tiered,
          enter_bailey_2, fedhas_altar_3, nicolae_trove_entry_crossroad,
          minivault_21, uniq_azrael
D:15:     hangedman_depths_entry_civil_slaughter, layout_grid_maze,
          okawaru_gym_becter, uniq_nessos, uniq_josephine
Lair:1:   layout_gridlike, grunt_megastairs_2, lemuel_fruit_tree, uniq_harold
Lair:2:   gammafunk_lair_enchanted_lake, layout_loops_ring,
          minmay_snake_entry_guardpost_small, serial_bayou_shore_b
Lair:3:   layout_layer_cave, elwin_shoals_entry_rocks
Lair:4:   layout_gridlike, grunt_megastairs_3
Lair:5:   layout_cave_pods, slime_altar_1
Lair:6:   evilmike_catoblepas_cave, layout_loops_ring, infiniplex_staircase_pool
Shoals:1: layout_shoals
Shoals:2: layout_shoals, nicolae_shoals_kraken_intersection
Shoals:3: cheibrodos_shoals_roost, layout_shoals, gammafunk_ghost_tricky_traps,
          serial_shops, nicolae_shop_crystal
Shoals:4: shoals_end_hangedman, layout_shoals, shoals_ilsuiw_alternative,
          nicolae_shoals_hunting_party
Snake:1:  layout_chambers, ebering_ghost_rock_garden, basic_altar,
          nicolae_snake_shapes
Snake:2:  layout_concentric_octagons, ebering_ghost_rock_garden, serial_shops,
          nicolae_shop_statue_plus, uniq_vashnia, uniq_asterion, uniq_aizul
Snake:3:  layout_basic
Snake:4:  minmay_snake_end_coiled, layout_grid_shapes, serial_shops, shop,
          hangedman_snake_corridor_cut
Orc:1:    layout_caves, basic_altar
Orc:2:    st_orc_open, layout_caves, serial_shops, shop, mines2_david
Vaults:1: nicolae_vaults_puzzle_piece, vaults_room_grid, nicolae_vaults_big_ls,
          v_misc_19, hangedman_vaults_snaps, ontoclasm_vaults_fault,
          layout_vaults_big_room
Vaults:2: v_misc_14, ontoclasm_vaults_gallery,
          vaults_standard_mumra_enter_the_diamond, vaults_mumra_lcd, v_misc_10,
          nicolae_vaults_three_branches, v_misc_25,
          nicolae_vaults_little_squares_2, vaults_room_pools,
          hangedman_vaults_stagger, dpeg_vaults_monster_box,
          vaults_dpeg_encased_lava, vaults_dpeg_ring, v_misc_25,
          nicolae_vaults_mini_display_case, nicolae_vaults_little_ls,
          layout_vaults_omnicross, uniq_saint_roka
Vaults:3: kb_rosetta, ontoclasm_vaults_twist, nicolae_vaults_circle_grid_a,
          v_alt_pattern_1, v_misc_28, nicolae_vaults_theta,
          vaults_room_stairs_pillars, layout_vaults_quadrants,
          dummy_crypt_entry, serial_shops, shop
Vaults:4: hangedman_vaults_cutoff, vaults_room_pool, nicolae_vaults_theta,
          v_misc_12, v_misc_5, v_misc_17, v_rooms_1, vaults_mumra_hex,
          hangedman_vaults_nails, ontoclasm_vaults_gateway,
          ontoclasm_vaults_idyll, ontoclasm_vaults_loading_screen,
          v_alt_pattern_1, serial_ice_h, layout_vaults_ring, uniq_donald
Vaults:5
Depths:1: layout_gridlike, hangedman_geh_valley, minmay_misc_feat_tower,
          abyss_entry, rand_demon_pan_entry_5, kennysheep_four_rooms,
          serial_bayou_shore_a, serial_bayou_shore_b
Depths:2: hangedman_cross_veins, layout_honeycomb,
          chequers_serial_rivers_micro_a, grunt_hell_entry_dis_old,
          minmay_staircase_statues_hall_small
Depths:3: grunt_deathspiral_large, layout_gridlike, abyss_entry,
          rand_demon_pan_entry_9, hell_entry, grunt_gozag_statues,
          firewood_loft, minmay_staircase_bubble
Depths:4: regret_index_dithmenos_brocken_genspenst, layout_gridlike,
          enter_ziggurat_a, grunt_metal_band, abyss_entry_crystal
Depths:5: evilmike_zot_entry_gauntlet, layout_gridlike,
          nicolae_uskayaw_dance_hall, hell_entry, grunt_pan_entry_zigzag
Zot:1:    layout_gridlike
Zot:2:    layout_twisted_circle
Zot:3:    nicolae_zot_stationary_front, layout_gridlike, grunt_megastairs_5
Zot:4:    kennysheep_six_static_rooms, layout_onion
Zot:5:    layout_gridville, nicolae_lava_and_water

Skill      XL: |  1  2  3  4  5  6  7  8  9 10 11 12 13 14 15 16 17 18 19 20 21 22 23 24 25 26 27 |
---------------+----------------------------------------------------------------------------------+-----
Unarmed Combat | 4 5 6 7 8 9 11 12 13 15 16 18 19 20 21 22 23 24 25 26 27 | 27.0
Shields        | 1 2 4 6 7 9 10 12 14 15 | 15.0
Fighting       | 5 7 9 10 12 14 15 16 17 18 19 20 21 22 | 22.4
Armour         | 1 5 6 9 10 11 12 13 15 16 17 18 | 18.9
Evocations     | 3 5 |  5.0
Dodging        | 4 6 |  6.1
Throwing       | 8 11 | 11.7

Action                   |  1- 3 |  4- 6 |  7- 9 | 10-12 | 13-15 | 16-18 | 19-21 | 22-24 | 25-27 || total
-------------------------+-------+-------+-------+-------+-------+-------+-------+-------+-------++-------
Melee: Unarmed           |    96 |   101 |   301 |   437 |  1295 |  1406 |  1125 |  1287 |   834 ||  6882
       Punch             |     2 |     3 |    15 |    22 |    17 |       |       |       |       ||    59
       Headbutt          |       |       |       |       |       |       |       |       |    51 ||    51
Throw: Javelin           |       |       |       |       |       |       |       |       |     6 ||     6
Invok: Berserk           |       |       |     2 |     3 |    10 |     1 |       |     1 |     1 ||    18
       Trog's Hand       |       |       |       |     1 |     1 |     6 |     7 |     5 |     6 ||    26
       Brothers in Arms  |       |       |       |     1 |     1 |       |       |       |       ||     2
Evoke: Wand              |       |       |     2 |     3 |    13 |    16 |     5 |       |       ||    39
       Condenser vane    |       |       |       |       |       |       |       |       |     2 ||     2
  Use: Scroll            |       |       |       |    17 |    11 |     9 |     5 |     5 |     5 ||    52
       Potion            |       |       |       |       |     1 |       |       |     4 |     4 ||     9
 Stab: Sleeping          |     1 |       |     1 |       |       |       |       |       |       ||     2
       Petrified         |       |       |       |     1 |       |       |       |       |       ||     1
Armor: Animal skin       |    13 |       |       |       |       |       |       |       |       ||    13
       Robe              |    21 |    29 |    63 |    46 |       |       |       |       |       ||   159
       Gold dragon scale |       |       |       |   163 |   734 |   408 |   297 |   322 |   260 ||  2184
Dodge: Dodged            |    45 |    36 |   105 |   126 |   106 |    75 |    81 |    80 |    71 ||   725
Block: Tower shield      |       |       |       |       |  1153 |  1794 |  1283 |  1224 |   716 ||  6170
       Reflection        |       |       |       |       |     3 |   236 |    86 |    15 |    18 ||   358

Table legend: (Time is in decaauts)
 A = Elapsed time spent in this place.
 B = Non-inter-level travel time spent in this place.
 C = Inter-level travel time spent in this place.
 D = Time resting spent in this place.
 E = Time spent auto-exploring this place.
 F = Levels seen in this place.
 G = Mean time per level.
                   A        B        C        D        E       F      G
               +--------+--------+--------+--------+--------+-----+--------+
         Total |  50690 |  46456 |   4234 |   3697 |  32115 |  50 | 1013.8 |
       Dungeon |  14324 |  12670 |   1654 |    625 |   9917 |  15 |  954.9 |
          Lair |   7518 |   6941 |    577 |    647 |   4987 |   6 | 1253.0 |
        Shoals |   3686 |   3356 |    330 |    331 |   2071 |   4 |  921.5 |
     Snake Pit |   4254 |   4015 |    239 |    445 |   2600 |   4 | 1063.5 |
  Orcish Mines |   1456 |   1390 |     66 |    109 |    855 |   2 |  728.0 |
        Vaults |   6698 |   6336 |    362 |    734 |   4054 |   5 | 1339.6 |
        Depths |   6188 |   5608 |    580 |     42 |   4474 |   5 | 1237.6 |
           Zot |   5555 |   5132 |    423 |    565 |   2987 |   5 | 1111.0 |
         Abyss |    252 |    252 |      0 |    101 |      0 |   1 |  252.0 |
       Ossuary |    267 |    267 |      0 |      0 |    154 |   1 |  267.0 |
        Bailey |    111 |    111 |      0 |      0 |     10 |   1 |  111.0 |
      Gauntlet |    376 |    376 |      0 |     96 |      4 |   1 |  376.0 |
               +--------+--------+--------+--------+--------+-----+--------+

Top non-repeatable levels by time:
Depths:3: 1651 daAuts
Vaults:5: 1621 daAuts
Vaults:4: 1615 daAuts
  Lair:5: 1587 daAuts
Vaults:2: 1445 daAuts
  Lair:6: 1418 daAuts
Depths:2: 1350 daAuts
 Snake:1: 1335 daAuts
  Lair:3: 1309 daAuts
     D:5: 1309 daAuts
    D:15: 1298 daAuts
   Zot:3: 1279 daAuts
 Snake:4: 1269 daAuts
    D:14: 1237 daAuts
  Lair:2: 1226 daAuts
